 Dungeon Crawl Stone Soup version 0.27-a0-1591-gc56fcc985a (webtiles) character file.

Game seed: 17360914202401001859

46 PentaManta the Ducker (level 3, 0/28 HPs)
             Began as a Spriggan Berserker on July 19, 2021.
             Was a Believer of Trog.
             Slain by an adder (3 damage)
             ... on level 2 of the Dungeon.
             The game lasted 00:03:21 (1275 turns).

PentaManta the Ducker (Spriggan Berserker)          Turns: 1275, Time: 00:03:22

Health: 0/28       AC: 21    Str: 13    XL:     3   Next: 44%
Magic:  4/4        EV:  4    Int:  9    God:    Trog [**....]
Gold:   53         SH:  0    Dex: 14    Spells: 2/2 levels left

rFire    . . .     SeeInvis +   a - +0 short sword
rCold    . . .     Faith    .   (shield restricted)
rNeg     + + +     Spirit   .   (armour currently unavailable)
rPois    +         Reflect  .   (helmet currently unavailable)
rElec    .         Harm     .   (cloak currently unavailable)
rCorr    .         Rampage  .   (gloves unavailable)
Will     .....     NoTele   +   (boots unavailable)
Stlth    ++........             (no amulet)
HPRegen  0.09/turn              (no ring)
MPRegen  0.09/turn              (no ring)

@: lethally poisoned (0 -> -7), tree-form, on berserk cooldown, slowed, very
slow
A: stationary, stasis, torment immunity, boosted hp, very small, no large
weapons, unfitting armour, see invisible, (speed 3)
a: Renounce Religion, Berserk, Trog's Hand


You were on level 2 of the Dungeon.
You worshipped Trog.
Trog was pleased with you.
You were a tree.
You visited 1 branch of the dungeon, and saw 2 of its levels.

You collected 53 gold pieces.

Inventory:

Hand Weapons
 a - a +0 short sword (weapon)
 c - a +0 dagger
Armour
 b - a +0 animal skin (melded)
Scrolls
 g - 2 scrolls of identify {unknown}


   Skills:
 + Level 2.9 Fighting
 - Level 3.2 Short Blades
 + Level 4.7 Dodging
 + Level 2.8 Stealth


You had 2 spell levels left.
You didn't know any spells.
Your spell library contained the following spells:

 Spells                   Type           Power      Damage    Failure   Level
 Summon Small Mammal      Summ           0%         N/A       38%         1


Dungeon Overview and Level Annotations

Branches:
Dungeon (2/15)

Altars:

Shops:
D:2 =

Annotations:
D:2 Robin


Innate Abilities, Weirdness & Mutations

You are a tree.
Your roots penetrate the ground, keeping you stationary.
You cannot be teleported.
You are immune to unholy pain and torment.
Your maximum health is greatly increased.
Your equipment is partially melded.
You are very small and have problems with some larger weapons.
You are too small for most types of armour.
You have supernaturally acute eyesight. (SInv)
((You cover ground extremely quickly. (Speed+++)))


Message History

You puncture the goblin!
You kill the goblin!
Trog accepts your kill.
You are no longer berserk.
You are exhausted.
You feel yourself slow down.
You see here a +0 club.
You hit the goblin but do no damage. The goblin misses you.
You barely miss the goblin. Robin throws the goblin at you!
The goblin closely misses you. The goblin hits you with a +0 dagger.
The goblin barely misses you. The goblin completely misses you.
The hobgoblin no longer looks unusually strong.
The goblin unwields a +0 dagger.
The goblin wields a +0 hunting sling.
The goblin shoots a sling bullet.
The sling bullet misses you.
An adder comes into view.
You see here a +0 scythe.
The adder barely misses you. Robin throws the goblin at you!
It was a potion of curing.
You feel better. The adder bites you.
You are poisoned.
The adder poisons you! The goblin hits you with a +0 club. The adder bites you.
You are lethally poisoned!
The adder poisons you!
It was a potion of lignification.
You turn into a tree.
Your +0 animal skin melds into your body.
Your roots penetrate the ground.
* * * LOW HITPOINT WARNING * * *
You feel very sick.
The goblin no longer looks unusually strong.
The adder bites you.
* * * LOW HITPOINT WARNING * * *
The goblin hits you but does no damage. The adder bites you but does no damage.
The goblin barely misses you.
As you read the scroll labelled YLLYTO DOSOES, it crumbles to dust.
You cannot blink because you are held in place by your roots.
It was a scroll of blinking.
* * * LOW HITPOINT WARNING * * *
You feel very sick.
The goblin no longer looks unusually strong.
The adder bites you.
You die...

..# .....gg†)...# .##
....g.####..# ## ..... #..# #
#### #..# # #.#g##gg# ##
#####.....gg##########
.#####.......###g##.†.....# #
#.......).##.# #g##.#####.#######
.##.##.##.##.###♣##.#####.##...##
###.##.........S.##.##.......#.##
# #.##.......######.##.##.##.....
#.##.......# #.......#######
#..)....# ####.#### # ####...##
#####.# # #...# ###.....# #...#
##.....<########## #...#
#.......##.......#


You could see Robin, an adder, a hobgoblin and 4 goblins.

Vanquished Creatures
  A dart slug (D:2)
  2 ball pythons (D:1)
  3 endoplasms
  4 giant cockroaches
  6 goblins
  2 hobgoblins (D:1)
  2 jackals (D:2)
  8 bats (D:1)
  4 frilled lizards (D:1)
  5 kobolds
  4 rats (D:1)
41 creatures vanquished.

Notes
Turn   | Place    | Note
-------+----------+-------------------------------------------
     0 | D:1      | PentaManta the Spriggan Berserker began the quest for the
                  | Orb.
     0 | D:1      | Reached XP level 1. HP: 11/11 MP: 2/2
    30 | D:1      | Reached skill level 1 in Stealth
   115 | D:1      | Reached XP level 2. HP: 16/16 MP: 3/3
   225 | D:1      | Reached ** piety under Trog
   693 | D:1      | Found a faded altar of an unknown god.
   703 | D:1      | Got Plato's Disquisition on Slavery
   787 | D:1      | Reached XP level 3. HP: 17/19 MP: 4/4
  1023 | D:2      | Found Haofrenu's Jewellery Boutique.
  1247 | D:2      | Noticed Robin
  1275 | D:2      | Slain by an adder

Illustrated notes

Levels and vault maps discovered:
D:1:      pf_arrival_petrified_forest, layout_rooms,
          shapermc_ecumenical_altar_rom_forum
D:2:      layout_loops_cross, serial_shops, shop, uniq_robin

Skill      XL: |  1  2 |
---------------+-------+-----
Stealth        | 1 2 |  2.8
Fighting       | |  2.9
Short Blades   | |  3.2
Dodging        | |  4.7

Action                   || total
-------------------------++-------
Melee: Short sword       ||   110
Invok: Berserk           ||     3
  Use: Potion            ||     2
       Scroll            ||     1
 Stab: Sleeping          ||     3
Armor: Animal skin       ||    16
       Skin              ||     2
Dodge: Dodged            ||   122

Table legend: (Time is in decaauts)
 A = Elapsed time spent in this place.
 B = Non-inter-level travel time spent in this place.
 C = Inter-level travel time spent in this place.
 D = Time resting spent in this place.
 E = Time spent auto-exploring this place.
 F = Levels seen in this place.
 G = Mean time per level.
                   A        B        C        D        E       F      G
               +--------+--------+--------+--------+--------+-----+--------+
         Total |   1033 |   1025 |      8 |    234 |    581 |   2 |  516.5 |
       Dungeon |   1033 |   1025 |      8 |    234 |    581 |   2 |  516.5 |
               +--------+--------+--------+--------+--------+-----+--------+

Top non-repeatable levels by time:
     D:1: 789 daAuts
     D:2: 244 daAuts
